 Dungeon Crawl Stone Soup version 0.23-a0-143-g1adec7bb76 (webtiles) character file.

10351 MirrMurr the Spear-Bearer (level 11, -1/115 HPs)
             Began as an Octopode Berserker on Sept 1, 2018.
             Was an Elder of Trog.
             Slain by a wraith (3 damage)
             ... led by Josephine
             ... on level 10 of the Dungeon.
             The game lasted 00:23:17 (12815 turns).

MirrMurr the Spear-Bearer (Octopode Berserker)     Turns: 12815, Time: 00:23:17

Health: -1/115     AC:  1    Str: 22    XL:     11   Next: 60%
Magic:  11/11      EV: 21    Int: 10    God:    Trog [****..]
Gold:   404        SH:  6    Dex: 14    Spells: 10/10 levels left

rFire    . . .     SeeInvis .   a - +1 trident (freeze)
rCold    . . .     Gourm    .   v - +1 buckler
rNeg     . . .     Faith    .   (helmet restricted)
rPois    .         Spirit   .   k - amulet of the acrobat
rElec    .         Reflect  .   l - +3 ring of evasion
rCorr    .         Harm     .   C - ring of protection from magic
MR       +....                  (no ring)
Stlth    ..........             (no ring)
HPRegen  0.29/turn              (no ring)
MPRegen  0.12/turn              (no ring)
                                (no ring)
                                (no ring)

@: berserking (expiring), starving, slowed
A: almost no armour, stealthy swim, amphibious, 8 rings, constrict 8, camouflage
1, gelatinous body 1
a: Berserk, Trog's Hand, Brothers in Arms, Renounce Religion


You were on level 10 of the Dungeon.
You worshipped Trog.
Trog was greatly pleased with you.
You were starving.

You visited 2 branches of the dungeon, and saw 11 of its levels.

You collected 606 gold pieces.
You spent 202 gold pieces at shops.

Inventory:

Hand Weapons
 a - a +1 trident of freezing (weapon)
 b - a +1 hunting sling
 q - a +0 blowgun
Missiles
 d - 56 bolts
 f - 144 stones (quivered)
 i - 36 poisoned needles
 j - 107 sling bullets
 o - 5 javelins of penetration
 z - 5 curare-tipped needles
Armour
 v - a +1 buckler (worn)
Jewellery
 e - an uncursed ring of ice
 k - an amulet of the acrobat (around mantle)
 l - a +3 ring of evasion (left tentacle)
 m - an uncursed ring of fire
 C - a ring of protection from magic (right tentacle)
Wands
 p - a wand of paralysis (6)
 r - a wand of polymorph (11)
 x - a wand of acid (6)
Scrolls
 y - 2 scrolls of teleportation
 B - a scroll of blinking
Potions
 g - 2 potions of curing
 h - a potion of magic
 n - a potion of resistance
 s - 4 potions of might
 t - a potion of agility {unknown}
 u - a potion of flight {unknown}
 w - 2 potions of heal wounds
Comestibles
 c - 21 rations


   Skills:
 + Level 8.2 Fighting
 * Level 11.1 Polearms
 + Level 4.1 Slings
 + Level 8.2 Dodging
 + Level 10.6 Stealth
 - Level 4.0 Shields


You had 10 spell levels left.
You didn't know any spells.
Your spell library was empty.

Dungeon Overview and Level Annotations

Branches:
Dungeon (10/15)            Temple (1/1) D:6            Lair (0/6) D:9
    Orc: D:9-12

Altars:
Cheibriados
Dithmenos
Fedhas
Gozag
Hepliaklqana
Kikubaaqudgha
Nemelex Xobeh
Okawaru
Ru
Vehumet
Wu Jian
Xom
Yredelemnul

Shops:
D:5 [


Innate Abilities, Weirdness & Mutations

You cannot wear most types of armour.
You are very stealthy in the water. (Stealth+)
You are amphibious.
You can wear up to eight rings at the same time.
You can use your tentacles to constrict eight enemies at once.
Your skin changes colour to match your surroundings (Stealth+).
Your rubbery body absorbs attacks. (AC +1, EV +1)


Message History

You barely miss the centaur. The centaur hits you.
* * * LOW HITPOINT WARNING * * *
The wraith hits you!
* * * LOW HITPOINT WARNING * * *
The wraith misses you. The centaur hits you.
* * * LOW HITPOINT WARNING * * *
You puncture the centaur! You freeze the centaur.
The centaur is severely wounded.
The wraith hits you.
* * * LOW HITPOINT WARNING * * *
The wraith drains your vigour!
You feel as though you will be slow longer.
You block the wraith's attack. The wraith misses you.
The centaur closely misses you.
Unknown command.
You hit the centaur. You freeze the centaur. Your squeeze misses the centaur.
The centaur is almost dead.
The wraith closely misses you. You block the centaur's attack.
The wraith hits you.
You die...

## .....# .# .# .....# .#
..# .....# .###..# .....#
......#
.....#############(.....#
...............WW.(..<..#
..........(.....@c(....(#
...........#####W.((...(.
.#+####....+ +....(>(.(
.#....#....# #.........
.#....+....# #.........
.#....#....# #.#####((.
.+....#....# #.# ...
.#....##...# #.# .#
.'.....#.... ..


You could see 3 wraiths and a centaur.

Vanquished Creatures
  Josephine (D:10)
  Erica (D:8)
  2 two-headed ogres
  A tengu warrior (D:10)
  An unseen horror (D:10)
  Joseph (D:7)
  A hippogriff (D:8)
  A spriggan (D:9)
  2 wraiths (D:10)
  5 yaks (D:9)
  2 steam dragons (D:6)
  4 sky beasts
  An ice beast (D:10)
  4 orc warriors
  A hornet zombie (D:6)
  3 phantoms
  3 ogres
  3 black bears
  3 necrophages
  4 centaurs
  2 bullfrogs
  6 scorpions
  A wyvern skeleton (D:6)
  3 killer bees (D:9)
  10 wights (D:8)
  2 howler monkeys
  2 crimson imps
  2 quasits (D:8)
  A jelly (D:5)
  Crazy Yiuf (D:7)
  6 orc priests
  4 hounds
  2 orc wizards
  2 iguanas
  Ijyb (D:4)
  Natasha (thrice) (D:3)
  9 worker ants
  A howler monkey zombie (D:5)
  A worker ant zombie (D:5)
  12 adders
  3 oozes
  4 adder zombies
  2 adder skeletons (D:4)
  3 worms
  4 dart slugs (D:2)
  7 leopard geckos
  19 orcs
  5 giant cockroaches
  6 goblins
  12 hobgoblins
  13 jackals
  3 kobolds
  3 quokkas
  A ball python (D:1)
  9 bats
  4 frilled lizards (D:2)
  A leopard gecko zombie (D:6)
  2 quokka skeletons (D:4)
  9 rats
  2 plants (D:5)
227 creatures vanquished.

Vanquished Creatures (others)
  An ogre (D:5)
  A centaur (D:5)
  A leopard gecko (D:5)
  A fungus (D:6)
4 creatures vanquished.

Grand Total: 231 creatures vanquished

Notes
Turn   | Place    | Note
-------+----------+-------------------------------------------
     0 | D:1      | MirrMurr the Octopode Berserker began the quest for the
                  | Orb.
     0 | D:1      | Reached XP level 1. HP: 16/16 MP: 1/1
   191 | D:1      | Reached XP level 2. HP: 20/21 MP: 2/2
   202 | D:1      | Reached skill level 1 in Stealth
   849 | D:2      | Reached XP level 3. HP: 26/26 MP: 3/3
  1248 | D:2      | Reached ** piety under Trog
  1319 | D:2      | Reached XP level 4. HP: 26/31 MP: 4/4
  1569 | D:2      | Found a snail-covered altar of Cheibriados.
  1573 | D:2      | Reached skill level 4 in Polearms
  1679 | D:2      | Found an iron altar of Okawaru.
  2496 | D:3      | Reached XP level 5. HP: 32/36 MP: 5/5
  2691 | D:3      | Noticed Natasha
  2702 | D:3      | Killed Natasha
  3006 | D:3      | Noticed Natasha
  3009 | D:3      | Killed Natasha
  3609 | D:3      | Noticed Natasha
  3615 | D:3      | Killed Natasha
  3689 | D:4      | Reached XP level 6. HP: 43/43 MP: 6/6
  3722 | D:4      | Noticed a phantom
  3756 | D:4      | Killed a phantom
  3756 | D:4      | Reached skill level 5 in Polearms
  3885 | D:4      | Noticed Ijyb
  3891 | D:4      | Paralysed by Ijyb for 7 turns
  3899 | D:4      | Killed Ijyb
  4415 | D:4      | Reached *** piety under Trog
  4475 | D:5      | Entered Level 5 of the Dungeon
  4479 | D:5      | Reached XP level 7. HP: 48/48 MP: 7/7
  4504 | D:5      | Found Huokujug's Antique Armour Emporium.
  4570 | D:5      | Bought a shiny buckler for 202 gold pieces
  4807 | D:5      | Got a scorched trident
  4808 | D:5      | Identified the cursed +1 trident of Bloodstone {venom, rF-
                  | Dex+3} (You found it on level 5 of the Dungeon)
  4875 | D:5      | Found a shimmering altar of Xom.
  5171 | D:5      | Reached skill level 1 in Shields
  5226 | D:5      | Reached skill level 6 in Polearms
  5256 | D:5      | Reached skill level 5 in Stealth
  5408 | D:5      | Reached XP level 8. HP: 33/54 MP: 8/8
  5520 | D:6      | Reached skill level 5 in Dodging
  5541 | D:6      | Reached skill level 5 in Fighting
  5910 | D:6      | Reached **** piety under Trog
  5954 | D:6      | Reached skill level 7 in Polearms
  6131 | D:6      | Found a staircase to the Ecumenical Temple.
  6140 | Temple   | Entered the Ecumenical Temple
  6163 | D:6      | Found an ancient bone altar of Kikubaaqudgha.
  6165 | D:6      | Found a blossoming altar of Fedhas.
  6447 | D:6      | Found a shimmering altar of Xom.
  6447 | D:6      | Found a sacrificial altar of Ru.
  6531 | D:6      | Reached XP level 9. HP: 61/61 MP: 9/9
  7266 | D:7      | Reached skill level 8 in Polearms
  7496 | D:7      | Noticed Joseph
  7515 | D:7      | Killed Joseph
  8039 | D:7      | Found a runed door.
  8399 | D:7      | Noticed Crazy Yiuf
  8404 | D:7      | Killed Crazy Yiuf
  8721 | D:8      | Noticed Erica
  8757 | D:8      | HP: 4/94 [something (6)]
  8758 | D:8      | Killed Erica
  8758 | D:8      | Reached skill level 9 in Polearms
  8758 | D:8      | Reached XP level 10. HP: 3/69 MP: 10/10
  9062 | D:8      | Found a snail-covered altar of Cheibriados.
  9198 | D:8      | Noticed a two-headed ogre
  9211 | D:8      | Killed a two-headed ogre
  9211 | D:8      | Reached skill level 1 in Slings
 10069 | D:8      | Found a shadowy altar of Dithmenos.
 10123 | D:8      | Reached skill level 10 in Polearms
 10659 | D:9      | Reached ***** piety under Trog
 10673 | D:9      | Found an opulent altar of Gozag.
 10788 | D:9      | Found a staircase to the Lair.
 10961 | D:9      | Reached XP level 11. HP: 58/75 MP: 11/11
 11039 | D:9      | Found an ornate altar of the Wu Jian Council.
 11042 | D:9      | Found a sparkling altar of Nemelex Xobeh.
 11042 | D:9      | Found a radiant altar of Vehumet.
 11043 | D:9      | Found a basalt altar of Yredelemnul.
 11047 | D:9      | Found a hazy altar of Hepliaklqana.
 11077 | D:9      | Received a gift from Trog
 11497 | D:9      | Noticed a two-headed ogre
 11502 | D:9      | Killed a two-headed ogre
 11502 | D:9      | Reached skill level 10 in Stealth
 11918 | D:10     | Entered Level 10 of the Dungeon
 11938 | D:10     | Killed an unseen horror
 12013 | D:10     | Noticed a tengu warrior
 12021 | D:10     | Killed a tengu warrior
 12638 | D:10     | Reached skill level 11 in Polearms
 12778 | D:10     | Noticed Josephine
 12811 | D:10     | Killed Josephine
 12813 | D:10     | HP: 3/115 [centaur (4)]
 12814 | D:10     | HP: 1/115 [wraith[Josephine] (2)]
 12815 | D:10     | Slain by a wraith

Vault maps used:
D:1:      lemuel_arrival_broad_hall
D:2:      kennysheep_slug_shrine, first_ration, okawaru_metal_pillars_3
D:3:      cheibrodos_greedy_goblins, gup_sewer_entry_bubbles, uniq_natasha
D:4:      st_stairs_10, uniq_ijyb
D:5:      serial_shops, nicolae_shop_overgrown_old_shop, xom_confusion_cloud
D:6:      kennysheep_steamy, grunt_temple_overflow_growth_and_decay,
          gammafunk_temple_overflow_statue, minmay_temple_entry_overgrown
D:7:      uniq_crazy_yiuf_cottage, uniq_joseph
D:8:      lemuel_crystal_altar, basic_altar, uniq_erica
D:9:      minitemple, lair_entry_dummy, the_bakery, grunt_gozag_breadcrumbs
D:10:     dk_rats_in_the_wall, uniq_gastronok, uniq_josephine
Temple:   kb_corrupted_temple

Skill      XL: |  1  2  3  4  5  6  7  8  9 10 11 |
---------------+----------------------------------+-----
Stealth        | 1 2 3 4 5 6 8 9 10 | 10.6
Polearms       | 4 5 6 7 9 10 11 | 11.1
Fighting       | 4 5 6 7 8 |  8.2
Dodging        | 4 5 6 7 8 |  8.2
Shields        | 1 3 4 |  4.0
Slings         | 2 4 |  4.1

Action                   |  1- 3 |  4- 6 |  7- 9 | 10-12 || total
-------------------------+-------+-------+-------+-------++-------
Melee: Spear             |    64 |     1 |       |       ||    65
       Constrict         |    12 |    18 |    43 |    24 ||    97
       Tentacles         |     7 |    19 |    62 |    47 ||   135
       Trident           |       |    99 |   271 |   207 ||   577
 Fire: Hunting sling     |    16 |    91 |   139 |    92 ||   338
Invok: Berserk           |       |     1 |     2 |     2 ||     5
       Trog's Hand       |       |       |     1 |     2 ||     3
  Use: Scroll            |     2 |     4 |    10 |     4 ||    20
       Potion            |       |       |       |     1 ||     1
 Stab: Sleeping          |     8 |     9 |     6 |     4 ||    27
       Distracted        |       |       |     1 |     1 ||     2
  Eat: Chunk             |     1 |     7 |    11 |     8 ||    27
       Ration            |       |     1 |     1 |     2 ||     4
Armor: Skin              |     4 |     3 |     4 |     5 ||    16
Dodge: Dodged            |    28 |    49 |   132 |   122 ||   331
Block: Buckler           |       |       |    51 |    35 ||    86

Table legend:
 A = Non-vault XP
 B = Vault XP
 C = Vault XP percentage of total XP
 D = Non-vault monster count
 E = Vault monster count
 F = Vault count percentage of total count
                 A         B        C        D         E       F
            +---------+---------+-------+---------+---------+-------
      Total |   10972 |    3816 |  25.8 |     197 |      28 |  12.4
            +---------+---------+-------+---------+---------+-------
        D:1 |      29 |       0 |   0.0 |      18 |       0 |   0.0
        D:2 |      88 |       4 |   4.3 |      26 |       1 |   3.7
        D:3 |     103 |      80 |  43.7 |      16 |      13 |  44.8
        D:4 |     239 |      70 |  22.7 |      11 |       2 |  15.4
        D:5 |     631 |      81 |  11.4 |      25 |       3 |  10.7
        D:6 |    1077 |     380 |  26.1 |      24 |       2 |   7.7
        D:7 |    1191 |     502 |  29.7 |      25 |       2 |   7.4
        D:8 |    2661 |     965 |  26.6 |      28 |       1 |   3.4
        D:9 |    2820 |     224 |   7.4 |      17 |       1 |   5.6
       D:10 |    2133 |    1510 |  41.4 |       7 |       3 |  30.0
            +---------+---------+-------+---------+---------+-------
